| TOP OF THE 1ST |
|
Chester Pirates batting - Pitching for Brockton Rox : RHP Nate Rollyson
|
|
Pitching: RHP Nate Rollyson
|
|
|
Batting: RHB Edwardo Tanchez
|
0-0: Foul Ball, location: 2F 0-1: Ball 1-1: Called Strike 1-2: Strikes out swinging
|
|
Batting: RHB Rafael Galicia
|
0-0: Ball 1-0: Swinging Strike 1-1: Swinging Strike 1-2: Foul Ball, location: 2F 1-2: Strikes out swinging
|
|
Batting: RHB Zach Chmieleski
|
0-0: Swinging Strike 0-1: Fly out, F8 (Flyball, 8LD, EV 102.5 MPH)
|
| Top of the 1st over - 0 runs, 0 hits, 0 errors, 0 left on base; Chester 0 - Brockton 0 |
| BOTTOM OF THE 1ST |
|
Brockton Rox batting - Pitching for Chester Pirates : RHP Shi-yu Man
|
|
Pitching: RHP Shi-yu Man
|
|
|
Batting: LHB Darby Starburster
|
0-0: Ball 1-0: Fly out, F9 (Flyball, 9, EV 85.0 MPH)
|
|
Batting: SHB Zach Clark
|
0-0: Foul Ball, location: 2F 0-1: Swinging Strike 0-2: Strikes out swinging
|
|
Batting: RHB Matt Walker
|
0-0: Called Strike 0-1: Ground out 5-3 (Groundball, 5, EV 105.0 MPH)
|
| Bottom of the 1st over - 0 runs, 0 hits, 0 errors, 0 left on base; Chester 0 - Brockton 0 |
| TOP OF THE 2ND |
|
Chester Pirates batting - Pitching for Brockton Rox : RHP Nate Rollyson
|
|
Batting: SHB Mike Corley
|
0-0: Ball 1-0: Ball 2-0: Foul Ball, location: 2F 2-1: Ball 3-1: Foul Ball, location: 2F 3-2: SINGLE (Line Drive, 78S, EV 105.6 MPH)
|
|
Batting: RHB Matt Rangel
|
0-0: Ball Mike Corley steals 2nd base 1-0: Fly out, F7 (Flyball, 7LMF, EV 71.2 MPH)
|
|
Batting: LHB Sean Driscoll
|
0-0: Ball 1-0: Ball 2-0: Foul Ball, location: 2F 2-1: 2-RUN HOME RUN (Flyball, 9D, EV 99.4 MPH), Distance : 387 ft
|
|
Batting: SHB Thad Shearing
|
0-0: Fly out, F6 (Line Drive, 6, EV 71.9 MPH)
|
|
Batting: RHB Bob Buckler
|
0-0: Called Strike 0-1: Foul Ball, location: 2F 0-2: Ball 1-2: Fly out, F8 (Flyball, 8RM, EV 96.9 MPH)
|
| Top of the 2nd over - 2 runs, 2 hits, 0 errors, 0 left on base; Chester 2 - Brockton 0 |
| BOTTOM OF THE 2ND |
|
Brockton Rox batting - Pitching for Chester Pirates : RHP Shi-yu Man
|
|
Batting: LHB Isaiah Spitzbarth
|
0-0: Ball 1-0: Foul Ball, location: 2F 1-1: Called Strike 1-2: DOUBLE (Flyball, 8RXD, EV 98.1 MPH) - OUT at third base trying to stretch hit.
|
|
Batting: RHB Jose Blocker
|
0-0: Ball 1-0: Fly out, F6 (Popup, 6MS, EV 70.6 MPH)
|
|
Batting: LHB Joe Martens
|
0-0: Foul Ball, location: 2F 0-1: Ground out 1-3 (Groundball, 13S, EV 72.5 MPH)
|
| Bottom of the 2nd over - 0 runs, 1 hit, 0 errors, 0 left on base; Chester 2 - Brockton 0 |
| TOP OF THE 3RD |
|
Chester Pirates batting - Pitching for Brockton Rox : RHP Nate Rollyson
|
|
Batting: RHB Freddy Mulholland
|
0-0: Called Strike 0-1: Ground out 5-3 (Groundball, 56S, EV 76.9 MPH)
|
|
Batting: RHB Edwardo Tanchez
|
0-0: Foul Ball, location: 2F 0-1: Foul Ball, location: 2F 0-2: Strikes out looking
|
|
Batting: RHB Rafael Galicia
|
0-0: Ball 1-0: Ball 2-0: Ball 3-0: Base on Balls
|
|
Batting: RHB Zach Chmieleski
|
0-0: Called Strike 0-1: Foul Ball, location: 2F 0-2: Ball Rafael Galicia steals 2nd base 1-2: Ball 2-2: Ball 3-2: Ground out 6-3 (Groundball, 6M, EV 81.9 MPH)
|
| Top of the 3rd over - 0 runs, 0 hits, 0 errors, 1 left on base; Chester 2 - Brockton 0 |
| BOTTOM OF THE 3RD |
|
Brockton Rox batting - Pitching for Chester Pirates : RHP Shi-yu Man
|
|
Batting: RHB Jeremy Valk
|
0-0: Called Strike 0-1: Ground out 5-3 (Groundball, 56S, EV 92.5 MPH)
|
|
Batting: LHB Makoto Shimazu
|
0-0: Foul Ball, location: 2F 0-1: Called Strike 0-2: Ball 1-2: Fly out, F9 (Line Drive, 9, EV 95.6 MPH)
|
|
Batting: RHB David Stone
|
0-0: Ball 1-0: Called Strike 1-1: Ground out 5-3 (Groundball, 56, EV 85.0 MPH)
|
| Bottom of the 3rd over - 0 runs, 0 hits, 0 errors, 0 left on base; Chester 2 - Brockton 0 |
| TOP OF THE 4TH |
|
Chester Pirates batting - Pitching for Brockton Rox : RHP Nate Rollyson
|
|
Batting: SHB Mike Corley
|
0-0: Ball 1-0: Ball 2-0: TRIPLE (Flyball, 78XD, EV 95.0 MPH)
|
|
Batting: RHB Matt Rangel
|
0-0: Ball 1-0: Ball 2-0: Ground out 6-3 (Groundball, 6, EV 84.4 MPH) Mike Corley scores
|
|
Batting: LHB Sean Driscoll
|
0-0: Ball 1-0: Foul Ball, location: 2F 1-1: Swinging Strike 1-2: Foul Ball, location: 2F 1-2: Ball 2-2: Strikes out swinging
|
|
Batting: SHB Thad Shearing
|
0-0: Swinging Strike 0-1: Foul Ball, location: 2F 0-2: Strikes out swinging
|
| Top of the 4th over - 1 run, 1 hit, 0 errors, 0 left on base; Chester 3 - Brockton 0 |
| BOTTOM OF THE 4TH |
|
Brockton Rox batting - Pitching for Chester Pirates : RHP Shi-yu Man
|
|
Batting: LHB Darby Starburster
|
0-0: Called Strike 0-1: Ground out 6-3 (Groundball, 56, EV 105.0 MPH)
|
|
Batting: SHB Zach Clark
|
0-0: Called Strike 0-1: Ball 1-1: Ground out U3 (Groundball, 34S, EV 83.1 MPH)
|
|
Batting: RHB Matt Walker
|
0-0: Ball 1-0: Ball 2-0: Swinging Strike 2-1: Ball 3-1: Base on Balls
|
|
Batting: LHB Isaiah Spitzbarth
|
0-0: Ball 1-0: Ground out 4-3 (Groundball, 4, EV 83.1 MPH)
|
| Bottom of the 4th over - 0 runs, 0 hits, 0 errors, 1 left on base; Chester 3 - Brockton 0 |
| TOP OF THE 5TH |
|
Chester Pirates batting - Pitching for Brockton Rox : RHP Nate Rollyson
|
|
Batting: RHB Bob Buckler
|
0-0: Foul Ball, location: 2F 0-1: Ball 1-1: Swinging Strike 1-2: Ball 2-2: Strikes out swinging
|
|
Batting: RHB Freddy Mulholland
|
0-0: Foul Ball, location: 2F 0-1: Swinging Strike 0-2: Strikes out looking
|
|
Batting: RHB Edwardo Tanchez
|
0-0: Reached on error, E3 (Groundball, 34S, EV 70.0 MPH)
|
|
Batting: RHB Rafael Galicia
|
0-0: Called Strike 0-1: Foul Ball, location: 2F 0-2: Ball 1-2: Foul Ball, location: 2F 1-2: Foul Ball, location: 2F 1-2: Fielders Choice at 2nd, 6-4 (Groundball, 6, EV 82.5 MPH)
|
| Top of the 5th over - 0 runs, 0 hits, 1 error, 1 left on base; Chester 3 - Brockton 0 |
| BOTTOM OF THE 5TH |
|
Brockton Rox batting - Pitching for Chester Pirates : RHP Shi-yu Man
|
|
Batting: RHB Jose Blocker
|
0-0: Called Strike 0-1: Foul Ball, location: 2F 0-2: Ground out 4-3 (Groundball, 4M, EV 91.2 MPH)
|
|
Batting: LHB Joe Martens
|
0-0: Ball 1-0: Called Strike 1-1: Foul Ball, location: 2F 1-2: Ball 2-2: Foul Ball, location: 2F 2-2: Ground out 6-3 (Groundball, 6M, EV 84.4 MPH)
|
|
Batting: RHB Jeremy Valk
|
0-0: SOLO HOME RUN (Flyball, 78XD, EV 103.1 MPH), Distance : 428 ft
|
|
Batting: LHB Makoto Shimazu
|
0-0: Ball 1-0: SOLO HOME RUN (Flyball, 9D, EV 114.4 MPH), Distance : 433 ft
|
|
Batting: RHB David Stone
|
0-0: Called Strike 0-1: Called Strike 0-2: Ball 1-2: Strikes out swinging
|
| Bottom of the 5th over - 2 runs, 2 hits, 0 errors, 0 left on base; Chester 3 - Brockton 2 |
| TOP OF THE 6TH |
|
Chester Pirates batting - Pitching for Brockton Rox : RHP Nate Rollyson
|
|
Batting: RHB Zach Chmieleski
|
0-0: Ball 1-0: Fly out, F8 (Flyball, 8LD, EV 102.5 MPH)
|
|
Batting: SHB Mike Corley
|
0-0: Called Strike 0-1: Foul Ball, location: 2F 0-2: Ball 1-2: Fly out, F8 (Flyball, 8LXD, EV 108.1 MPH)
|
|
Batting: RHB Matt Rangel
|
0-0: Ground out 6-3 (Groundball, 6, EV 88.8 MPH)
|
| Top of the 6th over - 0 runs, 0 hits, 0 errors, 0 left on base; Chester 3 - Brockton 2 |
| BOTTOM OF THE 6TH |
|
Brockton Rox batting - Pitching for Chester Pirates : RHP Shi-yu Man
|
|
Batting: LHB Darby Starburster
|
0-0: Foul Ball, location: 2F 0-1: Ball 1-1: Swinging Strike 1-2: Foul Ball, location: 2F 1-2: Strikes out swinging
|
|
Batting: SHB Zach Clark
|
0-0: Swinging Strike 0-1: Ball 1-1: Called Strike 1-2: SINGLE (Line Drive, 89S, EV 106.2 MPH)
|
|
Batting: RHB Matt Walker
|
0-0: Foul Ball, location: 2F 0-1: Ball Zach Clark is caught stealing 2nd base 2-4 1-1: DOUBLE (Line Drive, 9LS, EV 104.4 MPH)
|
|
Batting: LHB Isaiah Spitzbarth
|
0-0: Called Strike 0-1: Ball 1-1: Fly out, F4 (Line Drive, 4, EV 71.2 MPH)
|
| Bottom of the 6th over - 0 runs, 2 hits, 0 errors, 1 left on base; Chester 3 - Brockton 2 |
| TOP OF THE 7TH |
|
Chester Pirates batting - Pitching for Brockton Rox : RHP Nate Rollyson
|
|
Pitching: RHP Chris Hallman
|
|
|
Batting: LHB Sean Driscoll
|
0-0: Ball 1-0: Called Strike 1-1: Swinging Strike 1-2: Ball 2-2: Ball 3-2: Foul Ball, location: 2F 3-2: Foul Ball, location: 2F 3-2: Foul Ball, location: 2F 3-2: Strikes out swinging
|
|
Batting: SHB Thad Shearing
|
0-0: Ball 1-0: Ball 2-0: Called Strike 2-1: Fly out, F7 (Flyball, 78M, EV 84.4 MPH)
|
|
Batting: RHB Bob Buckler
|
0-0: Ball 1-0: Ball 2-0: Called Strike 2-1: Ball 3-1: Foul Ball, location: 2F 3-2: SINGLE (Line Drive, 78S, EV 106.9 MPH)
|
|
Batting: RHB Freddy Mulholland
|
0-0: Called Strike 0-1: Ball 1-1: Ball 2-1: Foul Ball, location: 2F 2-2: Ball 3-2: Strikes out swinging
|
| Top of the 7th over - 0 runs, 1 hit, 0 errors, 1 left on base; Chester 3 - Brockton 2 |
| BOTTOM OF THE 7TH |
|
Brockton Rox batting - Pitching for Chester Pirates : RHP Shi-yu Man
|
|
Batting: RHB Jose Blocker
|
0-0: Ground out 5-3 (Groundball, 5S, EV 83.1 MPH)
|
|
Batting: LHB Joe Martens
|
0-0: Fly out, F8 (Line Drive, 78M, EV 89.4 MPH)
|
|
Batting: RHB Jeremy Valk
|
0-0: Ball 1-0: SINGLE (Groundball, 6MD, EV 94.4 MPH)
|
|
Pinch Hitting: LHB Jim Connel
|
0-0: Ground out 6-3 (Groundball, P, EV 88.8 MPH)
|
| Bottom of the 7th over - 0 runs, 1 hit, 0 errors, 1 left on base; Chester 3 - Brockton 2 |
| TOP OF THE 8TH |
|
Chester Pirates batting - Pitching for Brockton Rox : RHP Chris Hallman
|
|
Now at 2B: Zach Clark
|
|
|
Now at 3B: Jim Connel
|
|
|
Now at SS: Darby Starburster
|
|
|
Batting: RHB Edwardo Tanchez
|
0-0: Ball 1-0: Called Strike 1-1: Ball 2-1: Ground out 4-3 (Groundball, 4, EV 110.6 MPH)
|
|
Batting: RHB Rafael Galicia
|
0-0: Called Strike 0-1: Ball 1-1: Fly out, F8 (Flyball, 8RXD, EV 83.8 MPH)
|
|
Batting: RHB Zach Chmieleski
|
0-0: Foul Ball, location: 2F 0-1: Ball 1-1: Ball 2-1: Ground out 4-3 (Groundball, 4, EV 83.1 MPH)
|
| Top of the 8th over - 0 runs, 0 hits, 0 errors, 0 left on base; Chester 3 - Brockton 2 |
| BOTTOM OF THE 8TH |
|
Brockton Rox batting - Pitching for Chester Pirates : RHP Shi-yu Man
|
|
Batting: RHB David Stone
|
0-0: Called Strike 0-1: Hit by Pitch
|
|
Batting: LHB Darby Starburster
|
0-0: Called Strike 0-1: Bunted foul 0-2: Strikes out looking
|
|
Pitching: RHP Steve Kane
|
|
|
Pinch Hitting: RHB Kyle Franken
|
0-0: Ball 1-0: Foul Ball, location: 2F 1-1: Foul Ball, location: 2F 1-2: Strikes out swinging
|
|
Batting: RHB Matt Walker
|
0-0: Ball 1-0: SINGLE (Groundball, 56D, EV 95.0 MPH) David Stone to second
|
|
Pinch Runner at 2nd Carlos Salazar:
|
|
|
Batting: LHB Isaiah Spitzbarth
|
0-0: Swinging Strike 0-1: Foul Ball, location: 2F 0-2: Strikes out swinging
|
| Bottom of the 8th over - 0 runs, 1 hit, 0 errors, 2 left on base; Chester 3 - Brockton 2 |
| TOP OF THE 9TH |
|
Chester Pirates batting - Pitching for Brockton Rox : RHP Chris Hallman
|
|
Pitching: RHP Jason Metaxas
|
|
|
Now at C: Kyle Franken
|
|
|
Now at 2B: Carlos Salazar
|
|
|
Batting: SHB Mike Corley
|
0-0: TRIPLE (Flyball, 7LD, EV 97.5 MPH)
|
|
Batting: RHB Matt Rangel
|
0-0: Ball 1-0: Called Strike 1-1: Fly out, F8 (Flyball, 8LXD, EV 105.6 MPH) Runner from 3rd tags up, SCORES, no throw by CF
|
|
Batting: LHB Sean Driscoll
|
0-0: Swinging Strike 0-1: Ball 1-1: SINGLE (Groundball, 6MD, EV 108.1 MPH)
|
|
Batting: SHB Thad Shearing
|
0-0: Fly out, F7 (Line Drive, 7, EV 88.1 MPH)
|
|
Batting: RHB Bob Buckler
|
0-0: Ball 1-0: Called Strike 1-1: SINGLE (Groundball, 4D, EV 98.1 MPH) Sean Driscoll to second
|
|
Batting: RHB Freddy Mulholland
|
0-0: Ball 1-0: Swinging Strike 1-1: Ball 2-1: Foul Ball, location: 2F 2-2: Ball 3-2: Foul Ball, location: 2F 3-2: SINGLE (Groundball, 34D, EV 102.5 MPH) Sean Driscoll to third Bob Buckler to second Sean Driscoll scores Bob Buckler to third
|
|
Batting: RHB Edwardo Tanchez
|
0-0: Ball 1-0: Ball 2-0: Foul Ball, location: 2F 2-1: Swinging Strike 2-2: Ball 3-2: SINGLE (Groundball, 34D, EV 103.8 MPH) Bob Buckler scores Freddy Mulholland to second Freddy Mulholland to third
|
|
Pitching: LHP Brad Victor
|
|
|
Batting: RHB Rafael Galicia
|
0-0: Ball 1-0: Ball 2-0: Fly out, F8 (Line Drive, 89M, EV 105.0 MPH)
|
| Top of the 9th over - 3 runs, 5 hits, 0 errors, 2 left on base; Chester 6 - Brockton 2 |
| BOTTOM OF THE 9TH |
|
Brockton Rox batting - Pitching for Chester Pirates : RHP Steve Kane
|
|
Pitching: RHP Yong-taek Hoang
|
|
|
Batting: RHB Jose Blocker
|
0-0: Ball 1-0: Ball 2-0: Ball 3-0: Called Strike 3-1: Fly out, F7 (Line Drive, 78M, EV 98.1 MPH)
|
|
Batting: LHB Joe Martens
|
0-0: DOUBLE (Line Drive, 78D, EV 103.1 MPH)
|
|
Batting: RHB Jeremy Valk
|
0-0: Foul Ball, location: 2F 0-1: Ball 1-1: Ball 2-1: Ball 3-1: Base on Balls
|
|
Pitching: RHP Dan Cauble
|
|
|
Batting: LHB Jim Connel
|
0-0: Grounds into double play, 5-4-3 (Groundball, 56, EV 80.6 MPH)
|
| Bottom of the 9th over - 0 runs, 1 hit, 0 errors, 1 left on base; Chester 6 - Brockton 2 |
|